 Dungeon Crawl Stone Soup version 0.29.1 (webtiles) character file.

Game seed: 3912130699535644669

912 RascalDebosk the Chopper (level 7, -1/93 HPs)
             Began as a Minotaur Berserker on Sept 12, 2022.
             Was a Priest of Trog.
             Slain by Sigmund
             ... wielding a +1 scythe of distortion
              (4 damage)
             ... on level 4 of the Dungeon.
             The game lasted 00:31:08 (3968 turns).

RascalDebosk the Chopper (Minotaur Berserker)       Turns: 3968, Time: 00:31:09

Health: -1/93      AC: 12    Str: 22    XL:     7   Next: 82%
Magic:  6/6        EV:  8    Int:  6    God:    Trog [***...]
Gold:   32         SH:  0    Dex:  9    Spells: 6/6 levels left

rFire   . . .      SeeInvis .   i - +1 hand axe (elec)
rCold   . . .      Faith    .   (no shield)
rNeg    . . .      Spirit   .   a - +0 chain mail
rPois   .          Reflect  .   (helmet restricted)
rElec   .          Harm     .   (no cloak)
rCorr   .          Rampage  .   t - +0 pair of gloves
Will    .....                   p - +0 pair of boots
Stlth   ..........              (no amulet)
HPRegen 0.25/turn               (no ring)
MPRegen 0.10/turn               (no ring)

@: berserking, very quick
A: horns 2, retaliatory headbutt
a: Renounce Religion, Berserk, Trog's Hand


You were on level 4 of the Dungeon.
You worshipped Trog.
Trog was most pleased with you.
You visited 1 branch of the dungeon, and saw 4 of its levels.

You collected 208 gold pieces.
You spent 176 gold pieces at shops.

Inventory:

Hand Weapons
 i - a +1 hand axe of electrocution (weapon)
 q - a +0 war axe
 s - a +1 mace of holy wrath
Missiles
 c - 14 poisoned darts (quivered)
 r - a boomerang
Armour
 a - a +0 chain mail (worn)
 p - a +0 pair of boots (worn)
 t - a +0 pair of gloves (worn)
Wands
 e - a wand of mindburst (9)
Scrolls
 d - a scroll of teleportation
Potions
 b - a potion of flight
 f - 2 potions of magic
 g - 3 potions of heal wounds
 h - a potion of curing
 j - a potion of lignification
 k - a potion of haste
 l - a potion of might {unknown}
 n - a potion of attraction {unknown}


   Skills:
 + Level 5.9 Fighting
 + Level 6.0 Axes
 + Level 3.7 Throwing
 + Level 5.3 Armour
 - Level 2.1 Dodging
 + Level 3.3 Evocations


You had 6 spell levels left.
You didn't know any spells.
Your spell library was empty.

Dungeon Overview and Level Annotations

Branches:
Dungeon (4/15)
 Temple: D:4-7

Altars:
Ashenzari
Wu Jian
Zin

Shops:
D:1 *   D:4 [

Annotations:
D:4 Edmund, Sigmund


Innate Abilities, Weirdness & Mutations

You have a pair of horns on your head.
You reflexively headbutt those who attack you in melee.


Message History

a +1 whip of freezing; a +0 robe Sigmund the Dreaded comes into view.
He is wielding a +1 scythe of distortion.
Found a ring mail.
Sigmund shouts!
Throw: 17 darts (poison)
Press: ? - help, Q - select action, (/) - cycle Shift-Dir - straight line, f - Sigmund
Aim: Sigmund, wielding a +1 scythe of distortion and wearing a +0 robe (53% to hit)
You throw a poisoned dart. The poisoned dart hits Sigmund!
Sigmund is poisoned.
Throw: 16 darts (poison)
Press: ? - help, Q - select action, (/) - cycle Shift-Dir - straight line, f/p - Sigmund
Aim: Sigmund, wielding a +1 scythe of distortion and wearing a +0 robe (very poisoned, 53% to hit)
You throw a poisoned dart. The poisoned dart hits Sigmund!
Sigmund looks as sick as possible!
Throw: 15 darts (poison)
Press: ? - help, Q - select action, (/) - cycle Shift-Dir - straight line, f/p - Sigmund
Aim: Sigmund, wielding a +1 scythe of distortion and wearing a +0 robe (lightly wounded, extremely poisoned, 53% to hit)
You throw a poisoned dart. The poisoned dart hits Sigmund.
Sigmund is lightly wounded.
Sigmund mumbles some strange words.
Sigmund flickers and vanishes!
Deactivating autopickup; reactivate with Ctrl-A.
Edmund the Younger comes into view.
He is wielding a +6 dire flail of protection.
Edmund shouts!
Edmund moves out of view.
Something hits you but does no damage.
You blink.
Edmund misses you. Something hits you. Space warps horribly around you!
You completely miss something. You hit Edmund.
Something hits you but does no damage. Space warps horribly around you!
Edmund hits you but does no damage.
You miss something. You hit Edmund. Edmund completely misses you.
Something hits you but does no damage. Space warps horribly around you!!
* * * LOW HITPOINT WARNING * * *
You barely miss something. You barely miss Edmund.
Edmund hits you with a +6 dire flail of protection.
* * * LOW HITPOINT WARNING * * *
Unknown command.
A red film seems to cover your vision as you go berserk!
You feel yourself moving faster!
You feel mighty! Something hits you but does no damage. Space warps around you.
You die...

#.##.#.###.#.##....##.###
# #.##......).)...##.##.#
# #.#..########.........#
# #
#.#..#....#[#.#.####### #
#.#.#..#......#...# ##
#......# #...#..##
#########. ####.#.#
#...#..# #♣.........
#...# #..@#..#
#..#####... #.#.#
#..@#.## ♣∩♣# #... #.#.#
#..{..# #..# ##.. #.#.#
#.....# #♣.# #.#
#...#......#.# ###.###
##.# ###.#..##..#.#
#.....# #.#.
#.#..#)..#.###.[[..# ##.#
#.## ##.(#...#.....## ##.
#.# ##(#.#........# #.
#.# ..#.###......# #.


You could see Edmund.

Vanquished Creatures
  Pikel (D:4)
  An ogre (D:4)
  A lemure (D:4)
  A necrophage (D:4)
  2 hounds
  An orc priest (D:3)
  Terence (D:3)
  2 orc wizards
  8 adders
  2 worms (D:3)
  4 dart slugs
  9 orcs
  9 ball pythons
  4 bats
  4 endoplasms
  A giant cockroach (D:2)
  4 goblins
  6 hobgoblins
  4 quokkas
  5 frilled lizards
  10 kobolds
  4 rats
84 creatures vanquished.

Notes
Turn   | Place    | Note
-------+----------+-------------------------------------------
     0 | D:1      | RascalDebosk the Minotaur Berserker began the quest for the
                  | Orb.
     0 | D:1      | Reached XP level 1. HP: 19/19 MP: 0/0
   263 | D:1      | You fall into a shaft and drop 1 floor!
   311 | D:2      | Reached XP level 2. HP: 23/27 MP: 1/1
   385 | D:2      | Reached skill level 1 in Throwing
   385 | D:2      | Reached XP level 3. HP: 20/33 MP: 2/2
   527 | D:2      | Reached skill level 4 in Axes
   567 | D:2      | Found a broken altar of Ashenzari.
   817 | D:2      | Reached skill level 1 in Evocations
   908 | D:2      | Reached XP level 4. HP: 35/40 MP: 3/3
   991 | D:2      | Found a faded altar of an unknown god.
  1427 | D:1      | Found Avveegh's Assorted Antiques.
  1435 | D:1      | Bought 2 white potions for 34 gold pieces
  1435 | D:1      | Bought a red potion for 17 gold pieces
  1435 | D:1      | Bought a white potion for 17 gold pieces
  1445 | D:1      | Reached ** piety under Trog
  2168 | D:3      | Reached XP level 5. HP: 19/47 MP: 4/4
  2501 | D:3      | Found an ornate altar of the Wu Jian Council.
  2503 | D:3      | Noticed Terence
  2512 | D:3      | Killed Terence
  2822 | D:3      | Found a broken altar of Ashenzari.
  3208 | D:4      | Found a glowing silver altar of Zin.
  3235 | D:4      | Reached skill level 5 in Axes
  3235 | D:4      | Reached XP level 6. HP: 28/55 MP: 5/5
  3395 | D:4      | Found Deze's Antique Armour Shoppe.
  3402 | D:4      | Bought a chain mail for 108 gold pieces
  3545 | D:4      | Reached *** piety under Trog
  3546 | D:4      | Reached skill level 5 in Fighting
  3778 | D:4      | Noticed Pikel
  3789 | D:4      | Killed Pikel
  3790 | D:4      | Reached skill level 6 in Axes
  3790 | D:4      | Reached skill level 5 in Armour
  3790 | D:4      | Reached XP level 7. HP: 54/62 MP: 6/6
  3953 | D:4      | Noticed Sigmund
  3959 | D:4      | Noticed Edmund
  3967 | D:4      | HP: 2/62 [Edmund/+6 dire flail of protection (6)]
  3968 | D:4      | Slain by Sigmund

Illustrated notes

Levels and vault maps discovered:
D:1:      scummos_arrival_hexagon, layout_rooms, serial_shops, shop
D:2:      layout_basic, basic_ecumenical_altar, basic_altar, chequers_big_river
D:3:      layout_rooms, nicolae_ashenzari_skybound,
          mainiacjoe_overflow_boulevard, uniq_terence
D:4:      layout_loops_cross, zin_academy, serial_shops, nicolae_shop_trees,
          gammafunk_ghost_grave, sigmund_edmund_badplayer, uniq_pikel

Skill      XL: |  1  2  3  4  5  6 |
---------------+-------------------+-----
Fighting       | 4 5 |  5.9
Throwing       | 1 2 3 |  3.7
Axes           | 4 5 6 |  6.0
Armour         | 3 4 5 |  5.3
Evocations     | 1 2 3 |  3.3
Dodging        | |  2.1

Action                   |  1- 3 |  4- 6 |  7- 9 || total
-------------------------+-------+-------+-------++-------
Melee: Hand axe          |    47 |   119 |     3 ||   169
       Headbutt          |     4 |    28 |       ||    32
       Punch             |     1 |       |       ||     1
       War axe           |       |    31 |       ||    31
Throw: Dart              |       |       |     3 ||     3
Invok: Berserk           |       |     4 |     1 ||     5
  Use: Scroll            |       |     8 |       ||     8
Armor: Animal skin       |     9 |    12 |       ||    21
       Ring mail         |       |    16 |       ||    16
       Scale mail        |       |    23 |       ||    23
       Chain mail        |       |     5 |     5 ||    10
       Skin              |       |     1 |       ||     1
Dodge: Dodged            |    36 |    94 |     2 ||   132
